 Dungeon Crawl Stone Soup version 0.32-a0-132-g2d33c3cfaf (webtiles) character file.

Game seed: 18098610408425412649

56 cforsyth the Magician (level 4, 0/34 HPs)
             Began as a Djinni Hexslinger on Feb 9, 2024.
             Slain by a jackal (1 damage)
             ... on level 2 of the Dungeon.
             The game lasted 00:02:20 (1519 turns).

cforsyth the Magician (Djinni Hexslinger)           Turns: 1519, Time: 00:02:20

Health: 0/34       AC:  2    Str:  7    XL:     4   Next: 15%
Gold:   20         EV: 12    Int: 17    God:
                   SH:  0    Dex: 15

rFire   + + .        a - +1 sling
rCold   x . .        (no shield)
rNeg    . . .        c - +0 robe
rPois   ∞            (no helmet)
rElec   .            (no cloak)
rCorr   .            (no gloves)
SInv    .            (boots unavailable)
Will    .....        (no amulet)
Stlth   +            (no ring)
HPRegen 0.25/turn    (no ring)
MPRegen 0.00/turn

%: infuse magic (-1 HP)
@: mighty, flying
A: sickness immunity, fire resistance 2, cold vulnerability 1, float, innate
caster, HP casting, extra vitality 1
a: no special abilities


You were on level 2 of the Dungeon.
You visited 1 branch of the dungeon, and saw 2 of its levels.

You collected 20 gold pieces.


Innate Abilities, Weirdness & Mutations

You are immune to sickness and miasma.
You are immune to poison.
Your flesh is very heat resistant. (rF++)
You are vulnerable to cold. (rC-)
You float through the air rather than walking.
You learn spells naturally, not from books.
Your magical power is your life essence.
You have superior vitality. (+4 MHP)


   Skills:
 + Level 2.7 Fighting
 - Level 1.5 Ranged Weapons
 - Level 2.1 Dodging
 + Level 3.3 Spellcasting
 + Level 3.3 Conjurations
 + Level 3.3 Hexes
 + Level 3.3 Summonings
 + Level 3.3 Necromancy
 + Level 3.3 Translocations
 + Level 3.3 Fire Magic
 + Level 3.3 Ice Magic
 + Level 3.3 Air Magic
 + Level 3.3 Earth Magic
 + Level 3.3 Alchemy


You knew the following spells:

 Your Spells              Type           Power      Damage    Failure   Level
a - Kiss of Death         Conj/Necr      56%        2d9       4%          1
c - Cause Fear            Hex            7%         N/A       41%         4
f - Inner Flame           Hex/Fire       14%        N/A       13%         3
X - Jinxbite              Hex            28%        N/A       7%          2
Y - Sigil of Binding      Hex            14%        N/A       13%         3
Z - Dimensional Bullseye  Hex/Tloc       7%         N/A       41%         4
Your spell library was empty.

Inventory:

Hand Weapons
 a - a +1 sling (weapon)
Armour
 c - a +0 robe (worn)
Scrolls
 b - a scroll of poison
 e - a scroll of silence {unknown}
 f - a scroll of identify {unknown}
 h - a scroll of revelation {unknown}
Potions
 d - a potion of haste {unknown}
 g - a potion of might

Dungeon Overview and Level Annotations

Branches:
Dungeon (2/15)

Altars:

Shops:
D:1

= .##... ######.#
... .##....#
#......# #
.##....####......#
.###...+.........#
. ...###.......#
.... #..<....#
###.....# #####.#
#@# ### #h#
#..##h######
#..........####
#..............
#..#.......###
#..##......# #.
#......# #
####...#


You could see 2 jackals.


Message History

The jackal bites you.
* * * LOW HITPOINT WARNING * * *
The jackal bites you.
* * * LOW HITPOINT WARNING * * *
The jackal misses you.
Unknown command.
The jackal bites you.
* * * LOW HITPOINT WARNING * * *
The jackal attacks as it pursues you! The jackal closely misses you.
The jackal attacks as it pursues you! The jackal bites you.
* * * LOW HITPOINT WARNING * * *
The jackal bites you.
* * * LOW HITPOINT WARNING * * *
The jackal bites you.
* * * LOW HITPOINT WARNING * * *
The jackal barely misses you. The jackal bites you.
* * * LOW HITPOINT WARNING * * *
The jackal closely misses you. The jackal attacks as it pursues you!
The jackal bites you.
* * * LOW HITPOINT WARNING * * *
The jackal bites you.
* * * LOW HITPOINT WARNING * * *
You shoot a sling bullet.
The sling bullet barely misses the jackal. x2
The jackal barely misses you.
It was a potion of might.
You feel very mighty all of a sudden. The jackal barely misses you.
The jackal bites you.
You die...

Skill      XL: |  1  2 |
---------------+-------+-----
Spellcasting   | 3 |  3.3
Conjurations   | 3 |  3.3
Hexes          | 3 |  3.3
Summonings     | 3 |  3.3
Necromancy     | 3 |  3.3
Translocations | 3 |  3.3
Fire Magic     | 3 |  3.3
Ice Magic      | 3 |  3.3
Air Magic      | 3 |  3.3
Earth Magic    | 3 |  3.3
Alchemy        | 3 |  3.3
Fighting       | 2 |  2.7
Ranged Weapons | |  1.5
Dodging        | |  2.1

Action                     |  1- 3 |  4- 6 || total
---------------------------+-------+-------++-------
   Fire: Sling             |   113 |    20 ||   133
    Use: Potion            |       |     1 ||     1
 Armour: Robe              |    35 |    23 ||    58
  Dodge: Dodged            |    47 |    21 ||    68

Levels and vault maps discovered:
D:1:      psy_arrival_radial02, layout_basic, serial_shops, shop,
          nicolae_ecumenical_snake_handling
D:2:      layout_basic, minmay_misc_feat_tiny, uniq_crazy_yiuf_cottage

Notes
Turn   | Place    | Note
-------+----------+-------------------------------------------
     0 | D:1      | cforsyth the Djinni Hexslinger began the quest for the Orb.
     0 | D:1      | cforsyth set off with the following spells memorised:
                  | Jinxbite, Sigil of Binding, Inner Flame, Cause Fear,
                  | Dimensional Bullseye.
     0 | D:1      | Reached XP level 1. HP: 17/17 MP: 0/0
   203 | D:1      | Reached XP level 2. HP: 22/22 MP: 0/0
   232 | D:1      | Reached skill level 3 in Spellcasting
   232 | D:1      | Reached skill level 3 in Conjurations
   232 | D:1      | Reached skill level 3 in Hexes
   232 | D:1      | Reached skill level 3 in Summonings
   232 | D:1      | Reached skill level 3 in Necromancy
   232 | D:1      | Reached skill level 3 in Translocations
   232 | D:1      | Reached skill level 3 in Fire Magic
   232 | D:1      | Reached skill level 3 in Ice Magic
   232 | D:1      | Reached skill level 3 in Air Magic
   232 | D:1      | Reached skill level 3 in Earth Magic
   232 | D:1      | Reached skill level 3 in Alchemy
   290 | D:1      | Reached skill level 2 in Fighting
   290 | D:1      | Reached XP level 3. HP: 21/28 MP: 0/0
   290 | D:1      | Learned a level 1 spell: Kiss of Death
   608 | D:1      | Found Dery's Jewellery Shoppe.
   722 | D:1      | Found a faded altar of an unknown god.
  1350 | D:2      | Reached XP level 4. HP: 21/34 MP: 0/0
  1517 | D:2      | HP: 1/34 [jackal (3)]
  1519 | D:2      | Slain by a jackal

Vanquished Creatures
  A gnoll (D:1)
  A ribbon worm (D:2)
  A dart slug (D:1)
  3 bats
  4 endoplasms
  4 giant cockroaches
  5 goblins (D:1)
  4 hobgoblins
  2 quokkas
  5 ball pythons
  2 frilled lizards
  4 kobolds (D:1)
  2 rats (D:1)
38 creatures vanquished.

Table legend: (Time is in decaauts)
 A = Elapsed time spent in this place.
 B = Non-inter-level travel time spent in this place.
 C = Inter-level travel time spent in this place.
 D = Time resting spent in this place.
 E = Time spent auto-exploring this place.
 F = Levels seen in this place.
 G = Mean time per level.
                   A        B        C        D        E       F      G
               +--------+--------+--------+--------+--------+-----+--------+
         Total |   1561 |   1534 |     27 |      0 |   1223 |   2 |  780.5 |
       Dungeon |   1561 |   1534 |     27 |      0 |   1223 |   2 |  780.5 |
               +--------+--------+--------+--------+--------+-----+--------+

Top non-repeatable levels by time:
     D:1: 1252 daAuts
     D:2: 309 daAuts

Table legend:
 A = Non-vault XP
 B = Vault XP
 C = Vault XP percentage of total XP
 D = Non-vault monster count
 E = Vault monster count
 F = Vault count percentage of total count
                 A         B        C        D         E       F
            +---------+---------+-------+---------+---------+-------
      Total |      78 |       2 |   2.5 |      36 |       2 |   5.3
            +---------+---------+-------+---------+---------+-------
        D:1 |      59 |       2 |   3.3 |      27 |       2 |   6.9
        D:2 |      19 |       0 |   0.0 |       9 |       0 |   0.0
            +---------+---------+-------+---------+---------+-------
